 Dungeon Crawl Stone Soup version 0.31-a0-1104-g3bd3108e02 (webtiles) character file.

Game seed: 1641120768312212082

12265 Dirtsage the Thaumaturge (level 12, 0/89 HPs)
             Began as a Djinni Conjurer on Dec 2, 2023.
             Was a Priest of Makhleb.
             Slain by a blink frog (1 damage)
             ... on level 1 of the Lair of Beasts.
             The game lasted 00:41:46 (8608 turns).

Dirtsage the Thaumaturge (Djinni Conjurer)          Turns: 8608, Time: 00:41:47

Health: 0/89       AC: 12    Str:  8    XL:     12   Next: 18%
Gold:   860        EV: 10    Int: 29    God:    Makhleb [***...] SH:  0 Dex: 12

rFire   + + .        F - +5 woodcutter's axe
rCold   x . .        (shield currently unavailable)
rNeg    . . .        m - +4 ring mail of Virtue {Regen+}
rPois   ∞            (no helmet)
rElec   .            J - +0 cloak
rCorr   .            (no gloves)
SInv    +            (boots unavailable)
Will    +....        (no amulet)
Stlth   +            S - ring of see invisible
HPRegen 1.14/turn    l - +6 ring of intelligence
MPRegen 0.00/turn

%: infuse magic (-1 HP)
@: flying
A: sickness immunity, fire resistance 2, cold vulnerability 1, float, innate
caster, HP casting, extra vitality 1
a: Renounce Religion, Minor Destruction, Lesser Servant of Makhleb


You were on level 1 of the Lair of Beasts.
You worshipped Makhleb.
Makhleb was most pleased with you.
You visited 3 branches of the dungeon, and saw 12 of its levels.
You also visited: Ossuary.

You collected 860 gold pieces.

Inventory:

Hand Weapons
 v - a +2 hand axe of venom
 x - a +1 quarterstaff of draining
 F - the +5 woodcutter's axe (weapon)
   (You found it on level 8 of the Dungeon)
Armour
 a - a +0 robe
 h - a +0 ring mail
 m - the +4 ring mail of Virtue (worn) {Regen+}
   (You found it on level 3 of the Dungeon)

   Regen+:    It increases your rate of health regeneration.
 J - a +0 cloak (worn)
 L - a +0 kite shield
Magical Staves
 H - a staff of death
Jewellery
 l - a +6 ring of intelligence (right hand)
 M - a +6 ring of dexterity
 S - a ring of see invisible (left hand)
Talismans
 s - a granite talisman
 I - a talisman of death
Wands
 y - a wand of roots (25)
 G - a wand of mindburst (16)
 K - a wand of charming (3)
Scrolls
 b - 2 scrolls of fog
 c - 2 scrolls of torment
 e - a scroll of noise
 g - a scroll of fear
 k - 2 scrolls of immolation
 p - a scroll of revelation
 r - a scroll of brand weapon
 t - 5 scrolls of teleportation
 w - a scroll of butterflies
Potions
 d - 2 potions of might
 f - 4 potions of ambrosia
 j - a potion of brilliance {unknown}
 n - a potion of mutation {unknown}
 o - a potion of resistance {unknown}
 q - a potion of curing
 u - a potion of invisibility {unknown}
 z - a potion of enlightenment {unknown}
 A - 2 potions of cancellation {unknown}
 C - 7 potions of heal wounds {unknown}
 D - a potion of berserk rage {unknown}
 E - a potion of magic {unknown}


   Skills:
 + Level 9.0 Fighting
 - Level 3.0 Staves
 + Level 8.3 Armour
 - Level 2.1 Dodging
 - Level 1.5 Stealth
 * Level 10.2 Spellcasting
 * Level 10.2 Conjurations
 * Level 10.2 Hexes
 * Level 10.2 Summonings
 * Level 10.2 Necromancy
 * Level 10.2 Translocations
 * Level 10.2 Transmutations
 * Level 10.2 Fire Magic
 * Level 10.2 Ice Magic
 * Level 10.2 Air Magic
 * Level 10.2 Earth Magic
 * Level 10.2 Poison Magic
 + Level 3.7 Shapeshifting


You knew the following spells:

 Your Spells              Type           Power      Damage    Failure   Level
a - Magic Dart            Conj           100%       1d8       1%          1
b - Searing Ray           Conj           100%       2d8       1%          2
c - Dazzling Flash        Conj/Hex       100%       N/A       1%          3
d - Fulminant Prism       Conj/Hex       32%        3d15      1%          4
e - Freeze                Ice            100%       1d10      1%          1
f - Scorch                Fire           100%       2d9       1%          2
g - Static Discharge      Conj/Air       100%       3-8/arc   1%          2
h - Airstrike             Air            32%        2d(5-21)  1%          4
i - Cause Fear            Hex            32%        N/A       1%          4
x - Iskenderun's Mystic   Conj/Tloc      65%        2d13      1%          4
Your spell library was empty.

Dungeon Overview and Level Annotations

Branches:
Dungeon (10/15)            Temple (1/1) D:7            Lair (1/5) D:10
    Orc (0/2) D:10        Ossuary (visited)

Altars:
Ashenzari
Cheibriados
Dithmenos
Elyvilon
Fedhas
Gozag
Hepliaklqana
Makhleb
Nemelex Xobeh
Okawaru
Qazlal
Ru
Trog
Uskayaw
Wu Jian
Xom
Yredelemnul
Zin
The Shining One

Annotations:
D:4 1 runed translucent door, Konar's ghost, amateur BaHs
D:7 1 runed translucent door, Crazy Yiuf
Lair:1 exclusion: oklob plant


Innate Abilities, Weirdness & Mutations

You are immune to sickness and miasma.
You are immune to poison.
Your flesh is very heat resistant. (rF++)
You are vulnerable to cold. (rC-)
You float through the air rather than walking.
You learn spells naturally, not from books.
Your magical power is your life essence.
You have superior vitality. (+4 MHP)


Message History

Casting: Dazzling Flash (safe; 1% risk of failure)
Confirm with . or Enter, or press ? or * to list all spells.
Casting: Dazzling Flash (safe; 1% risk of failure)
Press: ? - help, Dir - look around, f - activate The blink frog is dazzled. x2; The blink frog closely misses you.
The blink frog blinks!
The blink frog barely misses you.
You take 2 damage, and have 36/89 hp.
Casting: Dazzling Flash (safe; 1% risk of failure)
Confirm with . or Enter, or press ? or * to list all spells.
The blink frog is struck by an arc of lightning.
The blink frog is lightly wounded.
You are struck by an arc of lightning.
The blink frog is struck by an arc of lightning!
The blink frog is severely wounded.
You are struck by an arc of lightning.
The lightning grounds out.
The blink frog barely misses you. The blink frog hits you!
* * * LOW HITPOINT WARNING * * *
You take 15 damage, and have 21/89 hp.
Casting: Static Discharge (safe; 1% risk of failure)
Confirm with . or Enter, or press ? or * to list all spells.
Flames lash the blink frog.
The blink frog is severely wounded.
The blink frog's fire resistance burns away.
* * * LOW HITPOINT WARNING * * *
The blink frog hits you.
* * * LOW HITPOINT WARNING * * *
The blink frog closely misses you. The blink frog hits you.
* * * LOW HITPOINT WARNING * * *
The blink frog blinks!
You take 6 damage, and have 15/89 hp.
Casting: Scorch (safe; 1% risk of failure)
Confirm with . or Enter, or press ? or * to list all spells.
Flames lash the blink frog.
The blink frog is severely wounded.
The blink frog's fire resistance burns away.
* * * LOW HITPOINT WARNING * * *
The blink frog is no longer blind.
The blink frog hits you!
* * * LOW HITPOINT WARNING * * *
The blink frog hits you.
You die...

#.#####......## ...# #
##......# ...# #
##.....## ...
#..#......# .....#
#....F.....## #.....##
#..........P###......#
#....:.....##.#...:.# ##
#........†.F........##..
#.........@.............
#.........§F............
#.......................
.......................
.....#######.......##
....# #........# ...
#.......## .. #F......#
#F......##


You could see 3 blink frogs.

Vanquished Creatures
  5 death yaks (D:10)
  Maurice (D:9)
  A black mamba (Lair:1)
  A komodo dragon (Lair:1)
  A hornet (D:9)
  A blink frog (Lair:1)
  2 shadows (D:10)
  17 yaks
  A wyvern (D:9)
  A steam dragon (D:8)
  A warg (D:10)
  5 water moccasins
  An ice beast (D:7)
  7 orc warriors
  A black bear (D:6)
  2 ogres
  2 centaurs
  2 kobold brigands
  7 bullfrogs
  A gnoll sergeant (D:9)
  2 scorpions
  19 wights
  3 killer bees (D:9)
  7 howler monkeys
  4 hounds
  3 orc priests
  3 jellies
  5 iguanas
  Natasha (thrice) (D:2)
  A gnoll bouda (D:6)
  Terence (D:2)
  8 orc wizards
  8 mummies (Ossuary)
  12 gnolls
  7 adders
  3 white imps
  An ufetubus (D:5)
  6 dart slugs
  28 orcs
  7 bats
  4 endoplasms
  6 giant cockroaches (D:1)
  A gnoll zombie (Ossuary)
  5 goblins
  6 hobgoblins
  11 kobolds
  3 quokkas
  5 ball pythons
  3 frilled lizards
  3 hobgoblin zombies (Ossuary)
  4 orc zombies (Ossuary)
  A rat (D:2)
  50 fulminant prisms
293 creatures vanquished.

Vanquished Creatures (others)
  81 fulminant prisms
81 creatures vanquished.

Grand Total: 374 creatures vanquished

Notes
Turn   | Place    | Note
-------+----------+-------------------------------------------
     0 | D:1      | Dirtsage the Djinni Conjurer began the quest for the Orb.
     0 | D:1      | Dirtsage set off with the following spells memorised: Magic
                  | Dart, Searing Ray, Dazzling Flash, Fulminant Prism,
                  | Iskenderun's Mystic Blast.
     0 | D:1      | Reached XP level 1. HP: 15/15 MP: 0/0
   113 | D:1      | Reached XP level 2. HP: 19/22 MP: 0/0
   180 | D:1      | You are sucked into a shaft and drop 1 floor!
   223 | D:2      | Reached skill level 1 in Fighting
   340 | D:1      | Reached XP level 3. HP: 22/27 MP: 0/0
   340 | D:1      | Learned a level 1 spell: Freeze
   482 | D:1      | Found a faded altar of an unknown god.
  1184 | D:2      | Noticed Natasha
  1189 | D:2      | Killed Natasha
  1190 | D:2      | Reached XP level 4. HP: 6/33 MP: 0/0
  1384 | D:2      | Noticed Terence
  1389 | D:2      | Killed Terence
  1397 | D:2      | Noticed Natasha
  1401 | D:2      | Killed Natasha
  1402 | D:2      | Reached XP level 5. HP: 25/39 MP: 0/0
  1402 | D:2      | Learned a level 2 spell: Scorch
  1601 | D:2      | Noticed Natasha
  1607 | D:2      | Killed Natasha
  1951 | D:3      | Identified the +4 ring mail of Virtue {Regen+}
  2072 | D:3      | Found an iron altar of Okawaru.
  2253 | D:3      | Found a white marble altar of Elyvilon.
  2654 | D:4      | Found a glowing golden altar of the Shining One.
  2667 | D:4      | Found a runed translucent door.
  2668 | D:4      | Noticed Konar's ghost (amateur BaHs)
  2709 | D:4      | Reached XP level 6. HP: 44/45 MP: 0/0
  2916 | D:4      | Reached skill level 5 in Spellcasting
  2916 | D:4      | Reached skill level 5 in Conjurations
  2916 | D:4      | Reached skill level 5 in Hexes
  2916 | D:4      | Reached skill level 5 in Summonings
  2916 | D:4      | Reached skill level 5 in Necromancy
  2916 | D:4      | Reached skill level 5 in Translocations
  2916 | D:4      | Reached skill level 5 in Transmutations
  2916 | D:4      | Reached skill level 5 in Fire Magic
  2916 | D:4      | Reached skill level 5 in Ice Magic
  2916 | D:4      | Reached skill level 5 in Air Magic
  2916 | D:4      | Reached skill level 5 in Earth Magic
  2916 | D:4      | Reached skill level 5 in Poison Magic
  3095 | D:4      | Noticed an ogre
  3101 | D:4      | Killed an ogre
  3102 | D:4      | Reached skill level 1 in Armour
  3102 | D:4      | Reached XP level 7. HP: 50/50 MP: 0/0
  3102 | D:4      | Learned a level 2 spell: Static Discharge
  3370 | D:5      | Entered Level 5 of the Dungeon
  3673 | D:5      | Noticed a +0 falchion
  3675 | D:5      | Noticed a +0 spear
  3675 | D:5      | Noticed a +0 short sword
  3675 | D:5      | Noticed a +0 spear
  3676 | D:5      | Noticed a +0 short sword
  3676 | D:5      | Noticed a +0 dagger
  3676 | D:5      | Noticed a +0 dagger
  3677 | D:5      | Noticed a +0 falchion
  3892 | D:5      | Found a hide-covered altar of Uskayaw.
  3965 | D:5      | Identified the +0 chain mail of Pidal {*Slow Will+ Str+3
                  | Dex+5}
  4168 | D:6      | Reached XP level 8. HP: 56/58 MP: 0/0
  4458 | D:6      | Reached skill level 1 in Staves
  4724 | D:6      | Reached skill level 5 in Fighting
  4724 | D:6      | Reached XP level 9. HP: 65/65 MP: 0/0
  4724 | D:6      | Learned a level 4 spell: Airstrike
  4820 | D:6      | Found a sparkling altar of Nemelex Xobeh.
  4820 | D:6      | Found an opulent altar of Gozag.
  4856 | D:6      | Noticed a skeletal warrior
  4857 | D:6      | Noticed a cyclops
  5176 | D:7      | Found a bloodstained altar of Trog.
  5186 | D:7      | Found a staircase to the Ecumenical Temple.
  5195 | Temple   | Entered the Ecumenical Temple
  5202 | Temple   | Became a worshipper of Makhleb the Destroyer
  5406 | D:7      | Found a snail-covered altar of Cheibriados.
  5478 | D:7      | Found a runed translucent door.
  5479 | D:7      | Noticed Crazy Yiuf
  5975 | D:8      | Reached * piety under Makhleb
  5976 | D:8      | Reached skill level 5 in Armour
  6010 | D:8      | Found a shimmering altar of Xom.
  6033 | D:8      | Reached XP level 10. HP: 73/73 MP: 0/0
  6124 | D:8      | Found a sand-covered staircase.
  6139 | Ossuary  | Entered an ossuary
  6352 | D:8      | Reached ** piety under Makhleb
  6491 | D:8      | Found the +5 woodcutter's axe
  7002 | D:9      | Noticed Maurice
  7010 | D:9      | Killed Maurice
  7146 | D:9      | Reached *** piety under Makhleb
  7200 | D:9      | Reached skill level 1 in Shapeshifting
  7200 | D:9      | Reached XP level 11. HP: 77/81 MP: 0/0
  7200 | D:9      | Learned a level 4 spell: Cause Fear
  7511 | D:9      | Found a blossoming altar of Fedhas.
  7654 | D:10     | Entered Level 10 of the Dungeon
  7799 | D:10     | Found a sacrificial altar of Ru.
  7963 | D:10     | Found a staircase to the Orcish Mines.
  8094 | D:10     | Noticed a death yak
  8094 | D:10     | Noticed a death yak
  8094 | D:10     | Noticed a death yak
  8096 | D:10     | Noticed a death yak
  8096 | D:10     | Noticed a death yak
  8098 | D:10     | Noticed a death yak
  8102 | D:10     | Noticed a death yak
  8103 | D:10     | Killed a death yak
  8107 | D:10     | Killed a death yak
  8108 | D:10     | Killed a death yak
  8219 | D:10     | Killed a death yak
  8296 | D:10     | Killed a death yak
  8297 | D:10     | Reached skill level 10 in Spellcasting
  8297 | D:10     | Reached skill level 10 in Conjurations
  8297 | D:10     | Reached skill level 10 in Hexes
  8297 | D:10     | Reached skill level 10 in Summonings
  8297 | D:10     | Reached skill level 10 in Necromancy
  8297 | D:10     | Reached skill level 10 in Translocations
  8297 | D:10     | Reached skill level 10 in Transmutations
  8297 | D:10     | Reached skill level 10 in Fire Magic
  8297 | D:10     | Reached skill level 10 in Ice Magic
  8297 | D:10     | Reached skill level 10 in Air Magic
  8297 | D:10     | Reached skill level 10 in Earth Magic
  8297 | D:10     | Reached skill level 10 in Poison Magic
  8450 | D:10     | Found a staircase to the Lair.
  8460 | Lair:1   | Entered Level 1 of the Lair of Beasts
  8469 | Lair:1   | Reached XP level 12. HP: 66/88 MP: 0/0
  8575 | Lair:1   | Found an ornate altar of the Wu Jian Council.
  8608 | Lair:1   | HP: 1/89 [blink frog (13)]
  8608 | Lair:1   | Slain by a blink frog

Illustrated notes

Levels and vault maps discovered:
D:1:      denvon_arrival_waterhouse, layout_basic,
          hellmonk_ecumenical_altar_lost_god, chequers_serial_rivers_room_b,
          minmay_worlds_worst_comb
D:2:      layout_basic, minmay_misc_feat_encased, uniq_natasha, uniq_terence
D:3:      layout_rooms, chequers_temple_overflow_statue_of_worship,
          wad_floor_pattern_2, minmay_strange_pillars
D:4:      layout_cave_pods, mainiacjoe_overflow_24_doors, ebering_ghost_sewer_d,
          serial_column_ruins, column_ruins_square_small, column_ruins_hut,
          column_ruins_grid_1, column_ruins_open_small,
          column_ruins_corridor_water
D:5:      layout_loops_corners, kennysheep_mini_moat, nicolae_uskayaw_en_pointe,
          minmay_circle_x
D:6:      layout_gridville, grunt_temple_overflow_opulence,
          lightli_corner_chamber
D:7:      layout_gridville, kennysheep_little_box, kennysheep_mini,
          general_overflow_altar, minmay_temple_entry_hall, hex_medium,
          grunt_tough_drop, uniq_crazy_yiuf_cottage
D:8:      layout_rooms, lemuel_doored_altar, nicolae_ossuary_entry_monument
D:9:      layout_rooms, grunt_temple_overflow_growth_and_decay, uniq_maurice
D:10:     layout_gridville, nicolae_ru_sacrificial_ziggurat, dpeg_lair_monsters,
          david_orc_3
Temple:   hellmonk_temple_micro_hex
Lair:1:   layout_cellular_growth, mumra_transporter_accident, lemuel_oklob_altar

Skill      XL: |  1  2  3  4  5  6  7  8  9 10 11 12 |
---------------+-------------------------------------+-----
Fighting       | 1 2 3 4 5 6 7 8 9 |  9.0
Spellcasting   | 4 5 6 7 9 10 | 10.2
Conjurations   | 4 5 6 7 9 10 | 10.2
Hexes          | 4 5 6 7 9 10 | 10.2
Summonings     | 4 5 6 7 9 10 | 10.2
Necromancy     | 4 5 6 7 9 10 | 10.2
Translocations | 4 5 6 7 9 10 | 10.2
Transmutations | 4 5 6 7 9 10 | 10.2
Fire Magic     | 4 5 6 7 9 10 | 10.2
Ice Magic      | 4 5 6 7 9 10 | 10.2
Air Magic      | 4 5 6 7 9 10 | 10.2
Earth Magic    | 4 5 6 7 9 10 | 10.2
Poison Magic   | 4 5 6 7 9 10 | 10.2
Armour         | 1 2 3 5 6 8 |  8.3
Staves         | 2 3 |  3.0
Shapeshifting  | 1 3 |  3.7
Dodging        | |  2.1
Stealth        | |  1.5

Action                     |  1- 3 |  4- 6 |  7- 9 | 10-12 || total
---------------------------+-------+-------+-------+-------++-------
  Melee: Unarmed           |     8 |     8 |     7 |       ||    23
         Hand axe          |       |       |     7 |       ||     7
         Quarterstaff      |       |       |     3 |     5 ||     8
         Battleaxe         |       |       |       |    19 ||    19
   Cast: Magic Dart        |    28 |    30 |    40 |    39 ||   137
         Searing Ray       |    14 |    16 |    44 |    20 ||    94
         Fulminant Prism   |       |     2 |    26 |   103 ||   131
         Airstrike         |       |       |     6 |     7 ||    13
         Iskenderun's Myst |       |       |     1 |    10 ||    11
         Dazzling Flash    |       |       |     1 |     2 ||     3
         Scorch            |       |       |       |    31 ||    31
         Cause Fear        |       |       |       |     1 ||     1
         Static Discharge  |       |       |       |     1 ||     1
    Use: Scroll            |       |       |     9 |     9 ||    18
 Armour: Robe              |    16 |     2 |       |       ||    18
         Ring mail         |       |     9 |    71 |    96 ||   176
  Dodge: Dodged            |    11 |    10 |    49 |    50 ||   120
         Form:             |       |     1 |       |     1 ||     2
         Statue            |       |     1 |       |       ||     1
         Death             |       |       |       |     1 ||     1

Table legend: (Time is in decaauts)
 A = Elapsed time spent in this place.
 B = Non-inter-level travel time spent in this place.
 C = Inter-level travel time spent in this place.
 D = Time resting spent in this place.
 E = Time spent auto-exploring this place.
 F = Levels seen in this place.
 G = Mean time per level.
                   A        B        C        D        E       F      G
               +--------+--------+--------+--------+--------+-----+--------+
         Total |   8617 |   8353 |    264 |    199 |   6540 |  13 |  662.8 |
       Dungeon |   8263 |   8003 |    260 |    199 |   6339 |  10 |  826.3 |
        Temple |     12 |      8 |      4 |      0 |      0 |   1 |   12.0 |
          Lair |    147 |    147 |      0 |      0 |     64 |   1 |  147.0 |
       Ossuary |    192 |    192 |      0 |      0 |    137 |   1 |  192.0 |
               +--------+--------+--------+--------+--------+-----+--------+

Top non-repeatable levels by time:
     D:2: 993 daAuts
     D:1: 989 daAuts
     D:6: 921 daAuts
     D:7: 887 daAuts
     D:4: 883 daAuts
     D:8: 797 daAuts
     D:9: 783 daAuts
     D:5: 774 daAuts
    D:10: 725 daAuts
     D:3: 506 daAuts
 Ossuary: 192 daAuts
  Lair:1: 147 daAuts
  Temple: 12 daAuts
